 Dungeon Crawl Stone Soup version 0.29.1-1-gd02db6906a (webtiles) character file.

Game seed: 17919620080904027477

1814 Demigod47 the Basher (level 8, -9/69 HPs)
             Began as a Minotaur Fighter on Oct 10, 2022.
             Killed by divine providence
             ... invoked by an orc priest
              (16 damage)
             ... on level 6 of the Dungeon.
             The game lasted 00:08:06 (6005 turns).

Demigod47 the Basher (Minotaur Fighter)             Turns: 6005, Time: 00:08:07

Health: -9/69      AC: 11    Str: 27    XL:     8   Next: 84%
Magic:  7/7        EV:  9    Int:  5    God:
Gold:   203        SH:  9    Dex:  9    Spells: 7/7 levels left

rFire   . . .      SeeInvis +   a - +0 flail
rCold   + + .      Faith    .   x - +0 kite shield
rNeg    . . .      Spirit   .   q - +0 scale mail of Cisaibu {rC+ Str+3}
rPois   .          Reflect  .   (helmet restricted)
rElec   .          Harm     .   g - +0 cloak
rCorr   .          Rampage  .   (no gloves)
Will    .....                   s - +1 pair of boots
Stlth   ..........              (no amulet)
HPRegen 0.21/turn               (no ring)
MPRegen 0.10/turn               (no ring)

@: mighty
A: horns 2, retaliatory headbutt, see invisible, cold resistance 1
a: no special abilities


You were on level 6 of the Dungeon.
You visited 1 branch of the dungeon, and saw 6 of its levels.

You collected 203 gold pieces.

Inventory:

Hand Weapons
 a - a +0 flail (weapon)
Armour
 b - a +0 scale mail
 c - a +0 buckler
 g - a +0 cloak (worn)
 q - the +0 scale mail of Cisaibu (worn) {rC+ Str+3}
   (You found it on level 4 of the Dungeon)

   Str:       It affects your strength (+3).
   rC:        It protects you from cold.
 s - a +1 pair of boots (worn)
 x - a +0 kite shield (worn)
Wands
 t - a wand of flame (19)
Scrolls
 e - a scroll of torment {unknown}
 i - a scroll of silence {unknown}
 j - 4 scrolls of identify {unknown}
 l - 2 scrolls of teleportation {unknown}
 n - a scroll of magic mapping {unknown}
 p - a scroll of poison {unknown}
 u - a scroll of immolation {unknown}
Potions
 f - a potion of lignification
 h - a potion of brilliance {unknown}
 k - 4 potions of curing {unknown}
 m - a potion of cancellation {unknown}
 o - a potion of attraction {unknown}
 r - 3 potions of flight {unknown}
 v - 2 potions of heal wounds {unknown}
 w - 3 potions of mutation


   Skills:
 + Level 5.5 Fighting
 * Level 9.6 Maces & Flails
 + Level 7.1 Armour
 + Level 4.0 Dodging
 + Level 0.4 Stealth
 + Level 5.9 Shields


You had 7 spell levels left.
You didn't know any spells.
Your spell library contained the following spells:

 Spells                   Type           Power      Damage    Failure   Level
 Magic Dart               Conj           0%         1d3       96%         1
 Searing Ray              Conj           0%         2d4       99%         2
 Static Discharge         Conj/Air       0%         3-3/arc   99%         2
 Ozocubu's Armour         Ice            0%         N/A       100%        3
 Portal Projectile        Hex/Tloc       0%         N/A       100%        3
 Tukima's Dance           Hex            0%         N/A       100%        3
 Fulminant Prism          Conj/Hex       0%         3d6       100%        4
 Blade Hands              Tmut           0%         N/A       100%        5
 Irradiate                Conj/Tmut      0%         3d11      100%        5
 Lightning Bolt           Conj/Air       0%         1d11      100%        5
 Dragon Form              Tmut           0%         N/A       100%        7
 Ozocubu's Refrigeration  Ice            0%         4d7       100%        7
 Maxwell's Capacitive Co  Air            0%         ∞         100%        8


Dungeon Overview and Level Annotations

Branches:
Dungeon (6/15)
 Temple: D:4-7

Altars:

Shops:
D:5 =


Innate Abilities, Weirdness & Mutations

You have a pair of horns on your head.
You reflexively headbutt those who attack you in melee.
You have supernaturally acute eyesight. (SInv)
Your flesh is cold resistant. (rC+)


Message History

You furiously retaliate!
You headbutt the black bear!
You kill the black bear!
Your Dodging skill increases to level 4!
You sock the orc priest!
The orc priest is severely wounded.
You block the centaur's attack. The centaur kicks you.
* * * LOW HITPOINT WARNING * * *
The centaur hits you.
* * * LOW HITPOINT WARNING * * *
The centaur barely misses you. The orc priest barely misses you.
You sock the orc priest!
You kill the orc priest!
The centaur completely misses you. The centaur barely misses you.
You sock the orc!
You kill the orc!
The centaur hits you but does no damage.
The centaur kicks you but does no damage.
You block the centaur's attack. The centaur barely misses you.
You closely miss the orc. You block the centaur's attack. x2
The orc priest casts a cantrip, but nothing happens.
The orc closely misses you. The centaur misses you.
You block the centaur's attack.
You hit the orc.
The orc is moderately wounded.
You block the centaur's attack.
The centaur kicks you but does no damage.
The centaur hits you.
* * * LOW HITPOINT WARNING * * *
You block the centaur's attack. You block the orc priest's attack.
The orc hits you with a +0 mace.
* * * LOW HITPOINT WARNING * * *
You block the orc's attack. The centaur hits you.
* * * LOW HITPOINT WARNING * * *
The centaur barely misses you.
Items here: )))) ††.
You bludgeon the centaur!!
You kill the centaur!
The orc priest calls down the wrath of Beogh upon you.
Beogh smites you!
You die...

....# .... ##.##
.)... ##.# .....
##.#..# #.. #.....
##..# ..###..#
#.....# #..##
#......# ##......#
..## #....# #o.....o#
.## #...# ###o.# ##
##...####.@o## #
#.....##.o)##
##.†.......## #
###..##...$..#
####...####.........#
......## ##..<....##
.....## #......[.#
...>.# #.≈≈≈...##
##...# #.≈$≈..##


You could see an orc priest and 3 orcs.

Vanquished Creatures
  A steam dragon (D:6)
  Menkaure (D:5)
  An ice beast (D:5)
  2 black bears
  A sky beast (D:6)
  An ogre (D:5)
  2 centaurs
  A phantom (D:4)
  3 scorpions
  A necrophage (D:4)
  2 orc priests
  7 hounds
  4 orc wizards
  4 iguanas
  3 gnolls (D:2)
  7 adders
  2 river rats (D:3)
  A shadow imp (D:6)
  A white imp (D:4)
  2 ufetubi
  A worm (D:3)
  4 dart slugs
  19 orcs
  5 bats
  7 endoplasms
  6 giant cockroaches
  11 goblins
  6 hobgoblins
  8 jackals
  9 kobolds
  A quokka (D:3)
  6 ball pythons
  2 frilled lizards
  5 rats
137 creatures vanquished.

Vanquished Creatures (others)
  An adder (D:6)
  4 plants (D:6)
5 creatures vanquished.

Grand Total: 142 creatures vanquished

Notes
Turn   | Place    | Note
-------+----------+-------------------------------------------
     0 | D:1      | Demigod47 the Minotaur Fighter began the quest for the Orb.
     0 | D:1      | Reached XP level 1. HP: 19/19 MP: 0/0
   411 | D:1      | Reached XP level 2. HP: 27/27 MP: 1/1
   959 | D:1      | Found a faded altar of an unknown god.
  1208 | D:1      | Reached XP level 3. HP: 28/33 MP: 2/2
  1440 | D:2      | Reached skill level 3 in Maces & Flails
  1506 | D:2      | Gained mutation: You occasionally lose the ability to drink
                  | potions when taking damage. [potion of mutation]
  1506 | D:2      | Gained mutation: Your system is resistant to poisons.
                  | (rPois) [potion of mutation]
  1507 | D:2      | Reached skill level 1 in Dodging
  1507 | D:2      | Reached XP level 4. HP: 3/40 MP: 3/3
  1960 | D:3      | Reached skill level 4 in Maces & Flails
  2181 | D:3      | Reached XP level 5. HP: 44/46 MP: 4/4
  2432 | D:3      | Lost mutation: You occasionally lose the ability to drink
                  | potions when taking damage. [potion of mutation]
  2432 | D:3      | Lost mutation: Your system is resistant to poisons. (rPois)
                  | [potion of mutation]
  2432 | D:3      | Gained mutation: Your flesh is cold resistant. (rC+)
                  | [potion of mutation]
  2432 | D:3      | Gained mutation: You have supernaturally acute eyesight.
                  | (SInv) [potion of mutation]
  2830 | D:4      | Reached skill level 5 in Maces & Flails
  2834 | D:4      | Identified the +0 scale mail of Cisaibu {rC+ Str+3}
  2853 | D:4      | Reached XP level 6. HP: 53/53 MP: 5/5
  3114 | D:4      | Reached skill level 6 in Maces & Flails
  3114 | D:4      | Reached skill level 5 in Armour
  3300 | D:4      | Reached XP level 7. HP: 50/60 MP: 6/6
  3503 | D:4      | Reached skill level 7 in Maces & Flails
  3750 | D:5      | Entered Level 5 of the Dungeon
  3750 | D:5      | Found Myttiblisk's Jewellery Shoppe.
  3805 | D:5      | Reached skill level 5 in Fighting
  3805 | D:5      | Reached skill level 5 in Shields
  4175 | D:5      | Reached skill level 8 in Maces & Flails
  4296 | D:5      | Noticed Menkaure
  4305 | D:5      | Killed Menkaure
  4306 | D:5      | Reached XP level 8. HP: 37/68 MP: 7/7
  5510 | D:6      | Reached skill level 9 in Maces & Flails
  6005 | D:6      | Killed from afar by an orc priest

Illustrated notes

Levels and vault maps discovered:
D:1:      dpeg_arrival_rooms_c, layout_basic,
          dreamdust_ecumenical_altar_hidden_monk_grotto
D:2:      layout_rooms, uniq_terence
D:3:      layout_basic, portal_sewer_entry_e, nicolae_figureground_pulse
D:4:      layout_basic, minmay_fractal_squares_gapless_5
D:5:      layout_gridville, serial_shops, nicolae_stop_n_shop_2,
          minmay_quadrilaterals, uniq_menkaure
D:6:      layout_layer_cave, minmay_temple_entry_overgrown,
          corexii_item_surrounded_by_moat, grunt_decor_fettered

Skill      XL: |  1  2  3  4  5  6  7  8 |
---------------+-------------------------+-----
Shields        | 4 5 |  5.9
Fighting       | 4 5 |  5.5
Armour         | 4 5 6 7 |  7.1
Maces & Flails | 3 4 5 6 8 9 |  9.6
Dodging        | 1 2 3 4 |  4.0
Stealth        | |  0.4

Action                   |  1- 3 |  4- 6 |  7- 9 || total
-------------------------+-------+-------+-------++-------
Melee: Flail             |    63 |   131 |   141 ||   335
       Headbutt          |    14 |    20 |    16 ||    50
  Use: Potion            |     1 |     1 |     2 ||     4
Armor: Scale mail        |    42 |    91 |   103 ||   236
Dodge: Dodged            |    57 |   114 |   127 ||   298
Block: Buckler           |    22 |    42 |    25 ||    89
       Kite shield       |       |       |    80 ||    80
